Priest Dude, lawful female human Priestess --. |@M. --G. |<. -.. Priest Dude the Acolyte Experience level: 5 Strength: 9 Dexterity: 7 Constitution: 16 Intelligence: 12 Wisdom: 18 Charisma: 9 Health: 0(37) Energy: 36(36) Def: 6 Gold: 267 Moves: 2186 Dungeon seed: HtKR3KVjwT4932-3 Game ID: Priest Dude_1554746703 Your Inventory: Coins $ - 267 gold pieces Weapons a - a blessed +1 mace (weapon in hand) v - a +0 dwarvish mattock Armor e - a +0 robe (being worn) n - a +0 small shield (being worn) q - a +0 orcish helm (being worn) y - a +0 pair of high boots (being worn) Comestibles c - a clove of garlic d - a sprig of wolfsbane i - a food ration Scrolls h - a scroll of remove curse j - a blessed scroll of teleportation s - a scroll of light w - a cursed scroll of enchant weapon Spellbooks f - a spellbook of healing g - a spellbook of light Potions b - 4 potions of holy water l - a potion of extra healing u - a potion of oil Rings z - a ring of poison resistance Spells and supernatural/magical abilities: Name Level Category Fail Memory h - healing 1 healing 0% 90% l - light 1 divination 0% 90% W - pray for help -- divine ? -- X - turn undead -- divine ? -- Your skills at the end: Fighting Skills Weapon Skills mace [Basic] Spellcasting Skills clerical spells [Basic] Final Attributes: You were piously aligned. You are dead. Vanquished creatures: an imp a rock mole 3 gnome lords a gnomish wizard 2 red naga hatchlings a dwarf 2 manes 2 giant rats 5 cave spiders 2 yellow molds 16 gnomes a gecko 4 jackals a fox 3 kobolds 2 goblins 11 grid bugs 2 bats 2 lichens 7 newts 69 creatures vanquished. Voluntary challenges: You followed a strict vegan diet. You used a wielded weapon 81 times, starting on turn 50. You were illiterate. You never genocided any monsters. You never polymorphed an object. You never changed form. You used no wishes. You never split a pudding. You never wrote Elbereth's name. You never violated your personal moral code. Dungeon overview: The Dungeons of Doom: levels 1 to 4 Level 1 an altar to Brigit, a sink a long staircase Level 2 a general store Level 3 an armor shop Level 4 an altar to Manannan Mac Lir stairs to The Gnomish Mines The Gnomish Mines: levels 5 to 10 Level 5 stairs to The Dungeons of Doom Level 6 Level 9 Level 10 <- You were here History has recorded: On T:1 you entered the Dungeons of Doom to retrieve the Amulet of Yendor! On T:447 you reached level 2 of The Dungeons of Doom. On T:635 you advanced to experience level 2. On T:872 you reached level 3 of The Dungeons of Doom. On T:877 you advanced to experience level 3. On T:1333 you reached level 4 of The Dungeons of Doom. On T:1696 you reached level 1 of The Gnomish Mines. On T:1704 you advanced to experience level 4. On T:1891 you advanced to experience level 5. On T:1976 you reached level 2 of The Gnomish Mines. On T:1988 you reached level 5 of The Gnomish Mines. On T:2179 you reached level 6 of The Gnomish Mines. Score breakdown: Gold: 267 ( 8259 points) Experience: 5 levels (11141 points) Exploration: 10 levels ( 19.61%) (12727 points) Discoveries: 6 items ( 2.02%) ( 4264 points) Valuables value: (no points given unless you survive) Artifact value: 0 ( 0 points) Variety of kills: 20 monsters ( 5.25%) ( 6873 points) Turncount: 2186 turns ( -132 points) Survival: died (score multiplied by 80%) Total score: 34505 Latest messages: z - a jade ring. There are a few objects here. Click! You trigger a rolling boulder trap! You are almost hit by a boulder. A cloud of gas puts you to sleep! You wake up. You escape a sleeping gas trap. You see here a statue of a gnome mummy. The statue moves! The gnome mummy hits! The flask crashes on your head and breaks into shards. Something seems to be holding you. The gnome mummy hits! (3x) The gnome king hits! (2x) You can move again. Yecch! This stuff tastes like poison. Your muscles won't obey you. You die... Final status: Goodbye Priest Dude the Priestess, killed by contaminated potion... You died in The Gnomish Mines on dungeon level 10 with 34505 points, and 267 pieces of gold, after 2186 moves. You were level 5 with a maximum of 37 hit points when you died.